[Event "GrandPrix_29.05"]
[Site "Chess.com"]
[Date "2020.05.29"]
[Round "4"]
[White "AlexVanGog"]
[Black "Korchmar_Vasiliy"]
[Result "1-0"]
[WhiteElo "2294"]
[BlackElo "2041"]
[TimeControl "600+2"]
[EndTime "10:59:27 PDT"]
[Termination "AlexVanGog won by resignation"]

1. Nf3 d5 2. e3 Nf6 3. c4 e6 4.
Nc3 b6 5. b3 Bb7 6. Bb2 Nbd7 7.
Rc1 a6 8. cxd5 exd5 9. d4 Bd6 10. g3 O-O 11. Bg2 Re8 12. O-O c5 13. dxc5 bxc5 14. Nh4 Nb6 15. a4 Be5 16. Qd2 Rb8 17. Nf3 d4 18. exd4 cxd4 19. Ne2 d3 20. Nc3 Ne4 21. Nxe4 Bxb2 22. Qxb2 Bxe4 23. Qa3 Nd5 24. Rc4 Qf6 25. Qa1 Rxb3 26. Rxe4 Rxe4 27. Nd2 Qxa1 28. Rxa1 Reb4 29. Nxb3 Nc3 30. Nd2 Rxa4 31. Rxa4 Nxa4 32. Kf1 Nc5 33. Nc4 Kf8 34. Ke1 Ke7 35. Kd2 Ke6 36. Kc3 g5 37. Kd4 Nb3+ 38. Kxd3 a5 39. Kc3 a4 40. Bh3+ Kd5 41. Nb6+ Ke4 42. Bg2+ Kf5 43. Nxa4 1-0

[Event "GrandPrix_29.05"]
[Site "Chess.com"]
[Date "2020.05.29"]
[Round "4"]
[White "Bulldog167"]
[Black "PresidenteMNE"]
[Result "0-1"]
[WhiteElo "2494"]
[BlackElo "2598"]
[TimeControl "600+2"]
[EndTime "10:59:29 PDT"]
[Termination "PresidenteMNE won on time"]

1. e4 d5 2. exd5 Nf6 3. d4 Bg4 4. Be2 Bxe2 5. Nxe2 Qxd5 6. O-O e6 7. Bf4 c6 8. Qd3 Nbd7 9. c4 Qe4 10. Qxe4 Nxe4 11. Nbc3 Nxc3 12. Nxc3 Bb4 13. Ne4 O-O 14. c5 Ba5 15. Rfb1 Bd8 16. b4 f5 17. Nd6 Bf6 18. Rd1 g5 19. Bc1 b6 20. Rb1 Rab8 21. Ba3 Be7 22. Nc4 Rfe8 23. Rb3 b5 24. Na5 Rbc8 25. Re3 Bf6 26. Bb2 Kf7 27. Nb7 Be7 28. Rde1 Bf8 29. Rh3 h6 30. Ra3 Rc7 31. Na5 Nf6 32. f3 Nd5 33.
Rb3 h5 34. Ra1 e5 35. dxe5 Nxb4 36. Rxb4 Bxc5+ 37. Rd4 Rxe5 38. Nb3 Bxd4+ 39. Bxd4 Re2 40. Bf2 Rd7 41. Kf1 Rb2 42. h3 f4 43. Kg1 a5 44.
Nxa5 Rdd2 45. Rf1 c5 46. Nb3 Rdc2 47. Nxc5 Rxa2 48. Ne4 b4 49. Nxg5+ Kg6 50. Ne6 b3 51. Nxf4+ Kf5 52. Nd3 Rd2 53. Nc1 Rxf2 0-1

[Event "GrandPrix_29.05"]
[Site "Chess.com"]
[Date "2020.05.29"]
[Round "4"]
[White "AlexPapasimakopoulos"]
[Black "KruHor"]
[Result "1/2-1/2"]
[WhiteElo "2388"]
[BlackElo "2484"]
[TimeControl "600+2"]
[EndTime "10:59:30 PDT"]
[Termination "Game drawn - insufficient material"]

1. d4 Nf6 2. c4 e6 3. Nc3 Bb4 4. Qc2 d6 5. a3 Bxc3+ 6. Qxc3 O-O 7. f3 d5 8. Bg5 h6 9. Bh4 Nbd7 10. e3 Re8 11. b4 e5 12. dxe5 Nxe5 13. Rd1 Bd7 14. cxd5 Nxd5 15. Qd4 Nxe3 16. Bxd8 Nc2+ 17. Kf2 Nxd4 18. Bxc7 Rac8 19. Bxe5 Rc2+ 20. Kg3 Nf5+ 21.
Kh3 Bc8 22. Bd3 Ne3+ 23. g4 Nxd1 24. Bxc2 Ne3 25. Bxg7 Kxg7 26. Be4 Nxg4 27. Kg3 Nf6 28. Kf4 Nxe4 29. fxe4 Rd8 30. Nf3 Rd3 31. Rg1+ Kf8 32. Rc1 Be6 33. Rc7 Rxa3 34. Rxb7 a5 35. Rb8+ Ke7 36. b5 Kd6 37. b6 Rb3 38. Nd4 Rb1 39. Rd8+ Ke7 40. Nc6+ Kf6 41. e5+ Kg7 42. Rb8 a4 43. Nd4 Bd5 44. Rd8 Bh1 45. Nf5+ Kh7 46.
Ng3 Bc6 47. Rd6 Rxb6 48. Nf5 a3 49. Rxh6+ Kg8 50. Ne7+ Kf8 51. Nxc6 a2 52. Rh8+ Kg7 53. Ra8 Rxc6 54. Rxa2 f6 55. Rg2+ Kf7 56. Kf5 Rc5 57.
Re2 Rxe5+ 58. Rxe5 fxe5 59. h4 Kg7 60. h5 Kh6 61. Kxe5 Kxh5 1/2-1/2

[Event "GrandPrix_29.05"]
[Site "Chess.com"]
[Date "2020.05.29"]
[Round "4"]
[White "Chessialist"]
[Black "Fandorine"]
[Result "1-0"]
[WhiteElo "2536"]
[BlackElo "2481"]
[TimeControl "600+2"]
[EndTime "10:59:34 PDT"]
[Termination "Chessialist won by resignation"]

1. c4 g6 2. g3 Bg7 3. Bg2 e5 4. Nc3 Nc6 5. e3 Nge7 6. Nge2 d6 7. O-O h5 8. h4 Be6 9. Nd5 Qd7 10. d3 O-O 11.
Rb1 Rae8 12. b4 Nc8 13. b5 Nd8 14. a4 c6 15. bxc6 bxc6 16. Ndc3 Bh3 17. Ba3 Bxg2 18.
Kxg2 f5 19. Ng1 Nf7 20. Bb2 Nh6 21. Nce2 Ng4 22. Nf3 c5 23. a5 f4 24. exf4 exf4 25.
Bxg7 Kxg7 26. Nxf4 Rxf4 27. gxf4 Rf8 28. a6 Nb6 29.
Qe2 Rxf4 30. Rfe1 Rf7 31. Qe6 Qc6 32. Qe4 d5 33. cxd5 Qf6 34. Re2 Qd6 35. Ne5 Nxd5 36. Rb7 Rxb7 37. axb7 Nc3 38. Qxg6+ Qxg6 39. Nxg6 Nxe2 40.
b8=Q Kxg6 41. Qe8+ 1-0

[Event "GrandPrix_29.05"]
[Site "Chess.com"]
[Date "2020.05.29"]
[Round "4"]
[White "KacperKacprzak"]
[Black "HElissalt"]
[Result "1-0"]
[WhiteElo "2059"]
[BlackElo "1758"]
[TimeControl "600+2"]
[EndTime "10:59:36 PDT"]
[Termination "KacperKacprzak won by resignation"]

1. e4 c5 2. Nf3 Nc6 3. d4 cxd4 4. Nxd4 Nf6 5. Nc3 e5 6. Ndb5 h6 7. Nd6+ Bxd6 8. Qxd6 Qe7 9. Qxe7+ Kxe7 10. Be3 d6 11. f3 Be6 12. O-O-O a6 13. Kb1 b5 14. Be2 Rab8 15. Rd2 Rhd8 16. Rhd1 g5 17. g3 Rd7 18. h4 Rg8 19. hxg5 hxg5 20. Rh1 g4 21. f4 b4 22. Nd5+ Bxd5 23. exd5 Nb8 24. fxe5 dxe5 25. Bc5+ Ke8 26. Bd3 Rxd5 27. Bxb4 Nc6 28. Bc3 a5 29. a4 Ke7 30.
Rf2 Rgd8 31. Rhf1 R8d6 32. Kc1 Nd4 33. b4 Rc6 34. Kb2 e4 35. Bb5 Rcd6 36. bxa5 e3 37. Rf4 Nxb5 38. Bxf6+ Ke6 39. Re4+ Kd7 40. axb5 Rxb5+ 41. Kc1 Rxa5 42. Rxe3 Rad5 43. Be5 Re6 44. Bf4 Ra6 45.
Rb3 Ra1+ 46. Rb1 Raa5 47. Rd1 Ke6 48. Rb6+ Kf5 49. Rxd5+ Rxd5 50. c3 Ke4 51. Kc2 Kf3 52.
Rf6 Rd7 53. c4 Ke4 54. Kc3 Ra7 55. c5 Ra5 56. Kb4 Ra2 57. Rxf7 Rb2+ 58. Ka5 Rc2 59. Kb6 1-0

[Event "GrandPrix_29.05"]
[Site "Chess.com"]
[Date "2020.05.29"]
[Round "4"]
[White "vpantev"]
[Black "Rikikits"]
[Result "1/2-1/2"]
[WhiteElo "2671"]
[BlackElo "2774"]
[TimeControl "600+2"]
[EndTime "10:59:38 PDT"]
[Termination "Game drawn by repetition"]

1. d4 Nf6 2. Nf3 g6 3. Bf4 Bg7 4. e3 O-O 5. Be2 d6 6. c4 c5 7. Nc3 Nh5 8. d5 Nxf4 9. exf4 Na6 10. O-O Nc7 11. Qd2 Bd7 12. Rfd1 Rb8 13. a4 a6 14. Rab1 b5 15. axb5 axb5 16. b3 b4 17. Ne4 Ra8 18. h3 Ne8 19. Ng3 Nf6 20. Bd3 Ra3 21. f5 Re8 22.
Qf4 Qc7 23. Ng5 h6 24. Nxf7 Kxf7 25. fxg6+ Kg8 26. Bf5 Rf8 27. Qf3 Ra2 28. Re1 Qd8 29. Re3 Kh8 30. Rbe1 Ng8 31. Qg4 Bxf5 32. Nxf5 Rf6 33.
Rf3 Qe8 34. Rg3 Qa8 35. Rge3 Qf8 36. Rf3 Qe8 37. Rg3 Rc2 38. h4 Rc3 39. Ree3 Rc1+ 40. Kh2 Qa8 41. Rgf3 Qa1 42. Kg3 Rh1 43. Nxg7 Kxg7 44.
Rxf6 Qxf6 45. h5 Rc1 46. f3 Rc3 47. Qf4 Qg5+ 48. Qxg5 hxg5 49. Kf2 Rxe3 50. Kxe3 Kf6 51. Ke4 Nh6 52. g4 Ng8 53. f4 Nh6 54. Kf3 Ng8 55. Kg3 Nh6 56. Kf3 Ng8 57. Kg3 Nh6 58. Kf3 1/2-1/2

[Event "GrandPrix_29.05"]
[Site "Chess.com"]
[Date "2020.05.29"]
[Round "4"]
[White "fujiwara_hoga"]
[Black "Khayala13"]
[Result "1-0"]
[WhiteElo "2128"]
[BlackElo "1928"]
[TimeControl "600+2"]
[EndTime "10:59:45 PDT"]
[Termination "fujiwara_hoga won by resignation"]

1. d4 Nf6 2. c4 e5 3. dxe5 Ng4 4.
Bf4 Nc6 5. Nf3 Bb4+ 6. Nbd2 Qe7 7. e3 Ngxe5 8. Nxe5 Nxe5 9. Be2 d6 10. O-O a5 11.
Nb3 a4 12. Nd4 O-O 13. Nc2 Bc5 14. Nd4 Ng6 15. Bg3 f5 16. Re1 Qf7 17. Qd2 f4 18. exf4 Nxf4 19. Bf3 Qxc4 20. Rad1 Ng6 21. h4 Bb4 22.
Qg5 Ra5 23. Qe3 Bxe1 24. Qxe1 Ne5 25. Qxa5 Nxf3+ 26. Nxf3 Bg4 27. Re1 b5 28. a3 Qf7 29.
Qxb5 Bxf3 30. gxf3 Qxf3 31. Qxa4 Qf7 32. Qe4 Kh8 33.
Qe7 Qf5 34. Qxc7 h6 35. Qxd6 Rf6 36. Qe5 Qf3 37. Qe8+ Rf8 38. Qe4 Qb3 39. Qb4 Qf3 40. Re3 Qd1+ 41. Qe1 Qd7 42. b4 Rf6 43. Re8+ Kh7 44.
Qe4+ Rg6 45. Rh8+ Kxh8 46. Qxg6 Qd1+ 47. Kh2 Qb3 48. Be5 1-0

[Event "GrandPrix_29.05"]
[Site "Chess.com"]
[Date "2020.05.29"]
[Round "4"]
[White "Tesla37"]
[Black "Valeriy_Neverov"]
[Result "1-0"]
[WhiteElo "2860"]
[BlackElo "2523"]
[TimeControl "600+2"]
[EndTime "10:59:54 PDT"]
[Termination "Tesla37 won on time"]

1. e4 c5 2. Nf3 d6 3. Nc3 Nf6 4. d4 cxd4 5. Qxd4 a6 6. e5 Nc6 7.
Qa4 dxe5 8. Nxe5 Bd7 9. Nxd7 Qxd7 10. Bd2 Qe6+ 11. Be2 g6 12. O-O-O Bg7 13. Rhe1 O-O 14. Bf3 Qd6 15. Bxc6 bxc6 16. Bf4 Qc5 17. Be3 Qf5 18.
Bd4 c5 19. Be3 Rfb8 20. Qf4 Qc8 21. a3 e6 22. b3 Qc6 23. Qf3 Qxf3 24. gxf3 c4 25.
bxc4 Ng4 26. Rd3 Nxe3 27. fxe3 Rc8 28. Na4 Rab8 29. Rb3 Bf8 30. Kb2 Bd6 31. f4 Rxc4 32. Rxb8+ Bxb8 33. Kb3 Rc7 34. c4 Ba7 35. Kc3 Kf8 36.
e4 Ke7 37. Re2 e5 38. fxe5 Ke6 39. Nb2 Bc5 40. Nd3 Ba7 41. Rb2 g5 42. h3 h5 43.
Rg2 Be3 44. Re2 Bf4 45. c5 Bxe5+ 46. Kc4 g4 47. hxg4 hxg4 48. Rg2 Bd6 49. Rxg4 Be7 50.
Rg2 Bf6 51. Nf4+ Ke5 52. Nd5 Rc8 53. Rf2 1-0

[Event "GrandPrix_29.05"]
[Site "Chess.com"]
[Date "2020.05.29"]
[Round "4"]
[White "ALeks_Ivlev"]
[Black "moro182"]
[Result "0-1"]
[WhiteElo "2256"]
[BlackElo "2551"]
[TimeControl "600+2"]
[EndTime "10:59:57 PDT"]
[Termination "moro182 won on time"]

1. d4 d5 2. c4 e6 3. Nf3 a6 4. cxd5 exd5 5. Nc3 Nf6 6. Bg5 Be6 7. e3 Nbd7 8. Bd3 Bd6 9. O-O c6 10. Qc2 Qc7 11.
Ne2 Bg4 12. Bf4 Bxf4 13. Nxf4 Bxf3 14. gxf3 g5 15. Ne2 O-O-O 16. b4 Kb8 17. a4 h5 18. Rfc1 g4 19. f4 h4 20. b5 g3 21. hxg3 hxg3 22. Nxg3 Nh5 23. bxc6 Nxg3 24. fxg3 Rdg8 25. cxd7 Qxd7 26.
Bf5 Qe7 27. Qf2 Qh4 28. Kf1 Rxg3 29. Ke2 Rhg8 30. Rh1 Qf6 31. Bh3 Qc6 32. Rhc1 Qg6 33. Bf1 Qe4 34. Ke1 Rxe3+ 35. Be2 Rg2 36. Ra2 Rxf2 37. Kxf2 Rxe2+ 38. Rxe2 Qxf4+ 0-1

[Event "GrandPrix_29.05"]
[Site "Chess.com"]
[Date "2020.05.29"]
[Round "4"]
[White "Anton_Demchenko"]
[Black "kpio91"]
[Result "1/2-1/2"]
[WhiteElo "2612"]
[BlackElo "2743"]
[TimeControl "600+2"]
[EndTime "10:59:58 PDT"]
[Termination "Game drawn by agreement"]

1. e4 c5 2. Nc3 a6 3. g3 b5 4. Bg2 Bb7 5. Nge2 e6 6. O-O b4 7. Nb1 d5 8. d3 Nf6 9. e5 Nfd7 10. f4 Be7 11. Nd2 O-O 12. Nf3 Nc6 13. g4 a5 14. Ng3 a4 15. Bd2 a3 16. b3 c4 17.
d4 cxb3 18. cxb3 f6 19. Be3 Ba6 20. Rf2 fxe5 21. fxe5 Rc8 22. g5 Qe8 23. Bh3 Nd8 24. Rc1 Nb6 25. Rxc8 Nxc8 26. Bg4 Na7 27. h4 Nb5 28. h5 Nc3 29. Qc2 Qb5 30. Ne1 Rxf2 31. Qxf2 Qe8 32. Qc2 Bf8 33. g6 h6 34. Ne2 Bxe2 35.
Bxe2 Be7 36. Nf3 Qf8 37. Kg2 Nxe2 38. Qxe2 Qf5 39. Ne1 1/2-1/2

[Event "GrandPrix_29.05"]
[Site "Chess.com"]
[Date "2020.05.29"]
[Round "4"]
[White "SoltaniciR"]
[Black "Happy1712Drummer"]
[Result "1-0"]
[WhiteElo "2221"]
[BlackElo "2176"]
[TimeControl "600+2"]
[EndTime "10:59:58 PDT"]
[Termination "SoltaniciR won by checkmate"]

1. e4 c6 2. c4 d5 3. exd5 cxd5 4. cxd5 Nf6 5. Qa4+ Nbd7 6. Nc3 g6 7. Nf3 Bg7 8.
Bc4 O-O 9. d3 Ne8 10. O-O Nd6 11.
Re1 a6 12. Qa3 Nb6 13. Qb3 Bg4 14. Ne5 Bf5 15. a4 Rc8 16. Be3 Nbxc4 17. dxc4 Bxe5 18. Bb6 Qd7 19. Rxe5 Nxc4 20. Re2 Bd3 21. Ree1 Rfe8 22. Rad1 Qf5 23. Qb4 e5 24. d6 e4 25. Bc7 Qe6 26. b3 a5 27. Qc5 Nxd6 28.
Nd5 Nf5 29. g3 Kg7 30. Rxd3 exd3 31. Rxe6 Rxe6 32. Qc3+ f6 33. Qxd3 Rc6 34. Bxa5 Rd6 35. Qb5 Rcc6 36. Qxb7+ Kh6 37. Ne7 Rc1+ 38. Kg2 Nd4 39.
Bd2+ Kh5 40. Bxc1 Ne6 41. Qf3# 1-0

[Event "GrandPrix_29.05"]
[Site "Chess.com"]
[Date "2020.05.29"]
[Round "4"]
[White "francyIM"]
[Black "chessdjw"]
[Result "1-0"]
[WhiteElo "2509"]
[BlackElo "2193"]
[TimeControl "600+2"]
[EndTime "11:00:00 PDT"]
[Termination "francyIM won on time"]

1. d4 Nf6 2. c4 g6 3. g3 Bg7 4. Bg2 O-O 5. Nc3 Nc6 6. e3 e5 7.
Nge2 exd4 8. Nxd4 Nxd4 9. Qxd4 Re8 10. Qd2 d6 11. O-O Rb8 12. b3 a6 13. Bb2 b5 14.
cxb5 axb5 15. Rac1 Be6 16. Ne2 Bd7 17. Nf4 b4 18. Rfd1 Rb6 19. Bxf6 Bxf6 20. Nd5 Bc3 21. Rxc3 bxc3 22. Qxc3 Ra6 23. Nf6+ Kf8 24. Nxh7+ Kg8 25. Nf6+ Kf8 26. Nd5 Re5 27. Nxc7 Rxa2 28. Rxd6 Qe7 29. Rxd7 Qxd7 30. Qxe5 Qd1+ 31. Bf1 Ra1 32. Qe8+ Kg7 33. Qb5 Kh7 34. Qc4 Rc1 35. Qxf7+ Kh6 36. Qf8+ Kh7 37. Qe7+ Kh8 38. Qe8+ Kh7 39. Qe7+ Kh8 40. Qh4+ Kg8 41. Qh3 Rxc7 42. b4 Rc1 43. b5 Rb1 44. Qe6+ Kg7 45.
Qh3 Rxb5 46. Qg2 Rb1 47. h4 Ra1 48. Qh3 Rc1 49. Qg2 Ra1 50. e4 Qe1 51. e5 Qxe5 52.
Qb7+ Kh8 53. Kg2 Ra2 54. Qc8+ Kg7 55. Qb7+ Kh8 56. Bc4 Rb2 57. Qa8+ 1-0

[Event "GrandPrix_29.05"]
[Site "Chess.com"]
[Date "2020.05.29"]
[Round "4"]
[White "PeshkaTheGreat"]
[Black "MAS_1704"]
[Result "0-1"]
[WhiteElo "2207"]
[BlackElo "2179"]
[TimeControl "600+2"]
[EndTime "11:00:00 PDT"]
[Termination "MAS_1704 won by resignation"]

1. e4 g6 2. d4 Bg7 3. Nc3 d6 4. Bg5 c6 5. f4 Qb6 6. Qd2 Qxd4 7. O-O-O Qxd2+ 8. Rxd2 h6 9. Bh4 Nf6 10. Nf3 Nh5 11.
g3 Bxc3 12. bxc3 f6 13. f5 gxf5 14. Bd3 fxe4 15. Bxe4 Kf7 16. c4 Nd7 17. c3 Ne5 18. c5 d5 19. Nxe5+ fxe5 20. Rf1+ Nf6 21. Bc2 Bh3 22.
Re1 e4 23. Bb3 Be6 24. Rf1 Kg7 25. Rdf2 Rhf8 26. Kd2 e3+ 27. Kxe3 Ng4+ 28. Ke2 Rxf2+ 29. Rxf2 Nxf2 30. Kxf2 Rf8+ 31. Ke3 Rf7 32. Kd4 Rf2 33. Bxe7 Kf7 34. Bd6 Rxh2 35. Bf4 h5 36. Ke5 Ke7 37. Bg5+ Kd7 38. Bh4 b6 39. Kd4 Rd2+ 40. Ke3 Rb2 41. Kd4 Bf5 42. c4 Rd2+ 43. Ke3 Rd3+ 44. Kf4 Be6 45.
cxd5 Bxd5 46. cxb6 axb6 47. Bc2 Rd4+ 48. Kg5 Bf3 49.
Kf5 Bg4+ 50. Ke5 Rd5+ 51. Kf6 c5 52. Bb3 Rf5+ 53. Kg6 b5 54. Bf6 Rf3 55. Be5 c4 56.
Bc2 Rf2 57. Bb1 b4 58. Bd4 Rg2 59. Bc5 c3 60. Be4 c2 61. Be3 Re2 62. Bxc2 Rxe3 63. Kg5 Rxg3 64. Kh4 Rg2 65. Kg5 0-1

[Event "GrandPrix_29.05"]
[Site "Chess.com"]
[Date "2020.05.29"]
[Round "4"]
[White "MirMan90"]
[Black "hubertsmazak"]
[Result "0-1"]
[WhiteElo "2386"]
[BlackElo "2479"]
[TimeControl "600+2"]
[EndTime "11:00:03 PDT"]
[Termination "hubertsmazak won by resignation"]

1. e4 e5 2. Nf3 Nc6 3. Bc4 Nf6 4. d3 Bc5 5. c3 d6 6. a4 a6 7. O-O h6 8. Re1 O-O 9. h3 Re8 10. Nbd2 Ba7 11. Nf1 Be6 12. Bxe6 Rxe6 13. Be3 Qd7 14. b4 Bxe3 15. Nxe3 d5 16. Qc2 Rd8 17. b5 axb5 18. axb5 Ne7 19. exd5 Nexd5 20. Nc4 Nf4 21. Ncxe5 Qxb5 22. Nd4 Qd5 23. Ndf3 Nd7 24. c4 Qd6 25. d4 Nxe5 26. dxe5 Qd3 27. Qxd3 Rxd3 28. Re3 Rxe3 29. fxe3 Nd3 30. Ra7 Nc5 31. Kf2 Ra6 32. Rxa6 bxa6 33. Ke2 Kf8 34. Kd2 Ke7 35. Nd4 Nd7 36. Nc6+ Ke6 37.
Nd8+ Kxe5 38. Nxf7+ Ke4 39. Nd8 Ne5 40. Kc3 Kxe3 41.
Ne6 g5 42. Nxc7 Kf2 43. c5 Kxg2 44. Nxa6 Kxh3 45. Kd4 Nc6+ 46. Kd5 Nd8 47. Nb4 g4 48. Nd3 g3 49. Kd6 Nb7+ 50. Kc6 Nxc5 51. Kxc5 g2 52.
Nf4+ Kg3 53. Ne2+ Kf2 54. Nf4 g1=Q 55. Nh3+ Kg2+ 56. Nxg1 Kxg1 57. Kd4 0-1

[Event "GrandPrix_29.05"]
[Site "Chess.com"]
[Date "2020.05.29"]
[Round "4"]
[White "cassoulet"]
[Black "WoodlandMagic"]
[Result "1-0"]
[WhiteElo "2030"]
[BlackElo "2057"]
[TimeControl "600+2"]
[EndTime "11:00:04 PDT"]
[Termination "cassoulet won by resignation"]

1. e4 e5 2. Nf3 Nc6 3. Bb5 a6 4. Ba4 Nf6 5. O-O b5 6. Bb3 Bc5 7. Qe2 d6 8. a4 Rb8 9. axb5 axb5 10. d3 h6 11. Nc3 O-O 12. h3 Ne7 13. Be3 Bxe3 14.
fxe3 Ng6 15. Qf2 c6 16. Nh4 Nxh4 17. Qxh4 Be6 18. Bxe6 fxe6 19. d4 exd4 20. exd4 Qb6 21. Ne2 e5 22. c3 Rbe8 23. Kh1 b4 24. dxe5 Rxe5 25. Ng3 bxc3 26. bxc3 Qd8 27. Ra7 Re7 28. Ra4 Qe8 29. Nf5 Rxe4 30. Rxe4 Nxe4 31. Ne7+ Qxe7 32. Qxe7 Rxf1+ 33. Kh2 d5 34. Qe8+ Rf8 35. Qxc6 Nf6 36.
Qe6+ Kh7 37. g4 Re8 38. Qf5+ Kg8 39. h4 Re2+ 40. Kg1 Re1+ 41. Kf2 Re5 42. Qc8+ Kf7 43. Kf3 g5 44. Qh8 h5 45. gxh5 g4+ 46. Kg3 Rxh5 47. Qa8 Rf5 48. Qb7+ Kg6 49. Qc8 Rf3+ 50. Kg2 Rh3 51. Qh8 Rf3 52. Kg1 Rf5 53. Qb8 Rh5 54. Qg3 Rf5 55. Qd3 Ne4 56. c4 Kf6 57. cxd5 Nd6 58.
Qd4+ Re5 59. h5 Kf5 60. h6 Re7 61. Qb4 Ke5 62. Qe1+ Kf6 63. Qh4+ Kf7 64. h7 1-0

[Event "GrandPrix_29.05"]
[Site "Chess.com"]
[Date "2020.05.29"]
[Round "4"]
[White "Durarbayli"]
[Black "RussianChessFighter"]
[Result "1-0"]
[WhiteElo "2612"]
[BlackElo "2274"]
[TimeControl "600+2"]
[EndTime "11:00:13 PDT"]
[Termination "Durarbayli won by resignation"]

1. e4 Nc6 2. Nf3 d6 3. d4 Nf6 4. Nc3 Bg4 5. Be3 e6 6. d5 exd5 7. exd5 Ne5 8. Bb5+ Bd7 9. Be2 Be7 10. h3 Nxf3+ 11.
Bxf3 O-O 12. Qd3 Re8 13. g4 Bc8 14. O-O-O Nd7 15. Qd2 Nc5 16. Kb1 f5 17. Rhe1 Bf6 18.
Bxc5 dxc5 19. d6 Rxe1 20. Rxe1 Qxd6 21. Re8+ Kf7 22. Qe2 c6 23. gxf5 Bxc3 24. bxc3 Rb8 25. Bh5+ Kf6 26. f4 g6 27. fxg6 hxg6 28. Bxg6 Kxg6 29.
Rg8+ Kf6 30. Qe8 Be6 31. Qxb8 Qd1+ 32. Kb2 Bxg8 33. Qxg8 Qf3 34. Qg5+ Kf7 35. h4 Qe4 36. h5 c4 37. Qe5 Qh1 38. Qf5+ Ke7 39. Qg5+ Kd6 40.
Qe5+ Kd7 41. Qg7+ Kd6 42. h6 Qh5 43. Qe5+ 1-0

[Event "GrandPrix_29.05"]
[Site "Chess.com"]
[Date "2020.05.29"]
[Round "4"]
[White "igorkovalenko"]
[Black "Sporty207"]
[Result "1-0"]
[WhiteElo "2184"]
[BlackElo "2211"]
[TimeControl "600+2"]
[EndTime "11:00:14 PDT"]
[Termination "igorkovalenko won on time"]

1. e4 e6 2. d4 d5 3. e5 c5 4.
c3 Nc6 5. Nf3 Qb6 6. a3 Nh6 7.
Bd3 cxd4 8. O-O Be7 9. b4 Nf5 10. Bb2 Bd7 11. cxd4 Nfxd4 12. Nxd4 Nxd4 13. Qg4 Nb3 14.
Qxg7 Rf8 15. Ra2 Bb5 16. Qg3 Bc4 17. Bxc4 dxc4 18. Qf4 Qc6 19. Bc3 O-O-O 20. a4 Rg8 21. g3 h5 22. Re2 h4 23. Qe4 Qd5 24. Na3 hxg3 25. fxg3 Bc5+ 26. bxc5 Qxc5+ 27. Kg2 Qxa3 28. Rxf7 Nc5 29. Qxc4 b6 30. a5 Qa4 31. Qxa4 Nxa4 32. Be1 Rd7 33. Rf6 Nc5 34. Bf2 Re8 35. axb6 axb6 36. g4 Kb7 37. g5 Rg8 38. h4 Nd3 39.
Kg3 Nxf2 40. Rexf2 Rd4 41. Rxe6 b5 42. Rf7+ Kc8 43.
Ra6 Rd3+ 44. Kg4 Kb8 45. Rb6+ Ka8 46. Rxb5 1-0

[Event "GrandPrix_29.05"]
[Site "Chess.com"]
[Date "2020.05.29"]
[Round "4"]
[White "payto1"]
[Black "Sergey_Krivenko"]
[Result "0-1"]
[WhiteElo "2154"]
[BlackElo "2096"]
[TimeControl "600+2"]
[EndTime "11:00:14 PDT"]
[Termination "Sergey_Krivenko won by checkmate"]

1. d4 d5 2. c4 c6 3. Nf3 Nf6 4. Qc2 dxc4 5. Qxc4 e6 6. g3 b5 7. Qc2 Bb7 8. Bg2 Nbd7 9. O-O c5 10. dxc5 Bxc5 11.
Bg5 Qb6 12. Nc3 Rc8 13. a3 Ne4 14. e3 Ndf6 15. Bxf6 Nxf6 16. Qe2 a6 17. Rac1 O-O 18. Rfd1 Ng4 19. b4 Be7 20. h3 Nf6 21. Rc2 Ne4 22.
Rdc1 Nxc3 23. Rxc3 Rxc3 24. Rxc3 Bf6 25. Rc5 Rc8 26.
Rxc8+ Bxc8 27. Nd2 Qc7 28. Ne4 Qc1+ 29. Kh2 Be7 30. Qd3 Qc4 31. Qd2 Qc7 32. Qd4 h6 33. Nc5 Bf6 34. Qe4 Be7 35. Qa8 Bxc5 36. bxc5 Kh7 37. Qe4+ Kg8 38. c6 Qd6 39. a4 b4 40.
Qc4 Kf8 41. e4 f6 42. f4 e5 43. fxe5 fxe5 44. h4 Ke7 45. Bh3 Bxh3 46. Kxh3 Qe6+ 47. Qxe6+ Kxe6 48. Kg4 b3 49. c7 Kd7 50. c8=Q+ Kxc8 51. Kf5 b2 52. Kg6 b1=Q 53. Kxg7 Qxe4 54. Kxh6 Qg4 55. h5 Qxg3 56. Kh7 e4 57. h6 e3 58. Kh8 e2 59. h7 e1=Q 60. a5 Qe8# 0-1

[Event "GrandPrix_29.05"]
[Site "Chess.com"]
[Date "2020.05.29"]
[Round "4"]
[White "Saxar85"]
[Black "Lavrov_Maxim"]
[Result "1/2-1/2"]
[WhiteElo "2568"]
[BlackElo "2405"]
[TimeControl "600+2"]
[EndTime "11:00:15 PDT"]
[Termination "Game drawn by repetition"]

1. e4 e5 2. Nf3 Nc6 3. Bb5 a6 4. Ba4 Nf6 5. d3 b5 6. Bb3 Be7 7. O-O d6 8. a4 Rb8 9. c3 O-O 10. Nbd2 d5 11. axb5 axb5 12. h3 dxe4 13. dxe4 Bc5 14. Qc2 Nh5 15. Bd5 Ne7 16. Nb3 Bd6 17. Bg5 Nf6 18. Bxf6 gxf6 19. Na5 Bd7 20. Rfd1 Nxd5 21. Rxd5 Kh8 22. Nh4 Rg8 23. Nf5 Qf8 24.
Rad1 Bxf5 25. exf5 Qh6 26. Qe4 Rg7 27. R1d3 Rbg8 28.
Rg3 Rxg3 29. fxg3 Rxg3 30. Rxb5 Rg8 31. Nc4 Qxh3 32. Nxd6 cxd6 33. Rb8 Qg3 34. Rxg8+ Kxg8 35. Kf1 d5 36. Qxd5 Qf4+ 37. Ke2 Qxf5 38. b4 Qc2+ 39.
Qd2 Qe4+ 40. Kf2 Qc4 41. Qb2 Qf4+ 42. Ke2 Qe4+ 43. Kd1 Qd3+ 44. Qd2 Qb1+ 45. Ke2 Qe4+ 46. Kf2 Qc4 47. Qb2 Qf4+ 48. Ke2 Qe4+ 49. Kf2 Qf4+ 1/2-1/2

[Event "GrandPrix_29.05"]
[Site "Chess.com"]
[Date "2020.05.29"]
[Round "4"]
[White "TheEternalPatzer"]
[Black "VolodymyrMolyboha"]
[Result "1/2-1/2"]
[WhiteElo "2183"]
[BlackElo "2266"]
[TimeControl "600+2"]
[EndTime "11:00:15 PDT"]
[Termination "Game drawn by repetition"]

1. c4 e5 2. Nc3 Nf6 3. Nf3 Nc6 4. e3 Bb4 5. Qc2 O-O 6. Nd5 a5 7. a3 Bc5 8. Ng5 g6 9. Nxf6+ Qxf6 10. Ne4 Qe7 11. Be2 d6 12. O-O Bf5 13. d3 Bxe4 14.
dxe4 a4 15. Bd2 Nd8 16. Bb4 Ne6 17. Rfd1 h5 18. Rd5 b6 19. Bd1 Ra7 20. Qe2 Qh4 21. Bc2 Ng5 22. f3 Ne6 23. Qf2 Qxf2+ 24. Kxf2 f5 25. exf5 gxf5 26. Ke2 Kg7 27. Rg1 f4 28.
Bxc5 bxc5 29. g3 fxe3 30. Kxe3 Nd4 31. Bd1 c6 32. Rxd4 cxd4+ 33. Ke4 Kf6 34. f4 exf4 35. gxf4 Ke6 36. Rg6+ Rf6 37. f5+ Kf7 38. Bxh5 Rxg6 39. Bxg6+ Kf6 40. Kxd4 Rb7 41. Be8 Rxb2 42. Bxc6 Rxh2 43.
Bxa4 Ra2 44. Bd7 Rxa3 45. Kd5 Rd3+ 46. Ke4 Rd1 47. Be6 Ke7 48. Kf4 Kf6 49. Ke4 Rd2 50.
Ke3 Rd1 51. Ke4 1/2-1/2

[Event "GrandPrix_29.05"]
[Site "Chess.com"]
[Date "2020.05.29"]
[Round "4"]
[White "econpower"]
[Black "CherepZhenya"]
[Result "1/2-1/2"]
[WhiteElo "2017"]
[BlackElo "2134"]
[TimeControl "600+2"]
[EndTime "11:00:15 PDT"]
[Termination "Game drawn by agreement"]

1. c4 c5 2. g3 Nc6 3. Bg2 g6 4. Nc3 Bg7 5. e3 e5 6. Nge2 Nge7 7. O-O O-O 8. a3 a5 9. Rb1 d6 10. d3 Be6 11. Nd5 Rb8 12. Nec3 Qd7 13. Bd2 Bh3 14.
Bxh3 Qxh3 15. Nxe7+ Nxe7 16. Nb5 Nf5 17. e4 Nd4 18. Nxd4 exd4 19. Bxa5 b6 20. Bd2 f5 21. f3 fxe4 22. fxe4 Be5 23. Qe2 h5 24. Bh6 Rxf1+ 25. Rxf1 h4 26. Qg2 Qxg2+ 27. Kxg2 hxg3 28. hxg3 b5 29. cxb5 Rxb5 30. b4 cxb4 31. axb4 Rxb4 32.
Rf3 Kh7 33. Bg5 Kg7 34. Kh3 Rb5 35. Kg4 d5 36. exd5 Rxd5 37. Rf1 Kg8 38. Bh6 Kh7 39. Bf8 Kg8 40. Be7 Rd7 41. Bh4 Bg7 42. Rc1 Kf7 43. Rc6 Ra7 44. Kf3 Ra5 45. g4 Ra2 46. Rc7+ Kg8 47.
Bg5 Rh2 48. Bf4 Rh3+ 49. Ke4 Rh4 50. g5 Rg4 51. Rb7 Rh4 52. Rb1 Rh3 53. Rg1 Kf7 54. Rg2 Kg8 55. Rh2 Rxh2 56. Bxh2 Kf7 57. Be5 Bf8 58.
Bxd4 Be7 59. Be3 Ke6 60. d4 Bd6 61. d5+ Kd7 62. Bf4 Bb4 63. Be5 Ba5 64. Bd4 Bc7 65. Bf6 Bd6 66. Be5 1/2-1/2